 Dungeon Crawl Stone Soup version 0.31-a0-1002-g8e65716e6e (webtiles) character file.

Game seed: 11386984177340948844

213600 haldagan the Swashbuckler (level 18, 0/238 HPs)
             Began as a Tengu Gladiator on Nov 9, 2023.
             Was the Champion of Wu Jian.
             Slain by a +5 antimagic glaive (9 damage)
             ... on level 2 of the Elven Halls.
             The game lasted 01:08:33 (26007 turns).

haldagan the Swashbuckler (Tengu Gladiator)        Turns: 26007, Time: 01:08:33

Health: 0/238      AC: 21    Str: 15    XL:     18   Next: 96%
Magic:  0/36       EV: 20    Int:  9    God:    Wu Jian [******]
Gold:   2387       SH:  0    Dex: 29    Spells: 41/43 levels left

rFire   + . .        c - +5 rapier of Gallantry {chaos, *Slow rElec rPois rF+}
rCold   . . .        (no shield)
rNeg    . . .        Y - +1 chain mail of Foolhardiness {rElec SInv}
rPois   +            U - +2 hat of the Bear Spirit {Spirit, Bear, *Rage Will++}
rElec   +            j - +0 cloak
rCorr   .            C - +3 pair of gauntlets of War {Slay+5}
SInv    +            (boots unavailable)
Will    +++..        F - amulet of magic regeneration Stlth
                     o - +6 ring of dexterity
HPRegen 0.59/turn    A - +4 ring of slaying
MPRegen 0.65/turn

%: random rage (20%), slow self (1%), acrobat, guardian spirit
@: berserking, lethally poisoned (0 -> -6), marked, flying, very quick
A: beak, talons 3, evasive flight, acrobatic, see invisible, inability to read
after injury 1
}: 1/15 runes: barnacled
a: Renounce Religion, Wall Jump, Serpent's Lash, Heavenly Storm


You were on level 2 of the Elven Halls.
You worshipped Wu Jian.
Wu Jian was exalted by your worship.
You visited 7 branches of the dungeon, and saw 30 of its levels.
You also visited: Sewer.

You collected 3114 gold pieces.
You spent 727 gold pieces at shops.

Inventory:

Hand Weapons
 c - the +5 rapier of Gallantry (weapon) {chaos, *Slow rElec rPois rF+}
   (You bought it in a shop on level 2 of the Orcish Mines)

   rF+:       It protects you from fire.
   rElec:     It insulates you from electricity.
   rPois:     It protects you from poison *Slow: It may slow you when you take
   damage.
 D - a +9 quick blade of flaming
 R - a +1 vampiric scimitar
 S - a +3 dagger of chaos
Missiles
 d - 7 throwing nets (quivered)
 L - 10 curare-tipped darts
Armour
 e - +0 storm dragon scales
 j - a +0 cloak (worn)
 v - a +0 tower shield
 y - a +1 plate armour of poison resistance
 C - the +3 pair of gauntlets of War (worn) {Slay+5}
   (You found it in a sewer)

   Slay+5:    It affects your accuracy & damage with ranged weapons and melee
   (+5).
 M - +0 acid dragon scales
 U - the +2 hat of the Bear Spirit (worn) {Spirit, Bear, *Rage Will++}
   (You found it on level 2 of the Orcish Mines)

   Bear:      Going berserk makes the wearer exceptionally tough, and they are
   slowed for a shorter time afterward.
   Will++:    It greatly increases your willpower.
   *Rage:     It berserks you when you make melee attacks (+20% chance).
 Y - the +1 chain mail of Foolhardiness (worn) {rElec SInv}
   (You found it on level 5 of the Lair of Beasts)

   rElec:     It insulates you from electricity.
   SInv:      It lets you see invisible.
Jewellery
 o - a +6 ring of dexterity (left hand)
 t - the ring "Iwoazipa" {Wiz Drain Fly rPois Dex+2}
   (You found it on level 4 of the Shoals)

   [ring of wizardry]

   Wiz:       It improves your spell success rate.
   Dex+2:     It affects your dexterity (+2).
   rPois:     It protects you from poison Fly: It grants you flight.
   Drain:     It drains your maximum health when unequipped.
 w - a ring of willpower
 A - a +4 ring of slaying (right hand)
 B - a ring of protection from fire
 F - an amulet of magic regeneration (around neck)
 O - a +6 ring of dexterity
 P - an amulet of reflection
 Q - a ring of positive energy
Talismans
 k - a talisman of death
Wands
 G - a wand of digging (4)
 I - a wand of flame (23)
 J - a wand of paralysis (17)
Scrolls
 a - 3 scrolls of immolation
 h - 4 scrolls of revelation
 i - 4 scrolls of enchant armour
 n - 15 scrolls of teleportation
 q - 9 scrolls of blinking
 r - a scroll of fog
 H - a scroll of fear
 T - 2 scrolls of torment
 W - a scroll of poison
 X - 10 scrolls of identify
 Z - a scroll of vulnerability
Potions
 b - 4 potions of invisibility
 f - 5 potions of haste
 g - 6 potions of heal wounds
 l - a potion of brilliance
 m - 8 potions of enlightenment
 s - 2 potions of magic
 u - 7 potions of curing
 x - 4 potions of attraction
 z - 3 potions of berserk rage
 E - 4 potions of ambrosia
 K - 5 potions of mutation
 N - 5 potions of might
 V - a potion of cancellation
Miscellaneous
 p - a phantom mirror


   Skills:
 - Level 15.0 Fighting
 - Level 19.8(20.0) Short Blades
 - Level 3.5(13.5) Long Blades
 - Level 2.0 Throwing
 - Level 12.0 Armour
 - Level 12.0 Dodging
 - Level 12.0 Stealth
 + Level 4.5 Shields
 - Level 13.0 Spellcasting
 * Level 5.5 Transmutations
 + Level 3.7 Shapeshifting


You had 41 spell levels left.
You knew the following spells:

 Your Spells              Type           Power      Damage    Failure   Level
a - Wereblood             Tmut           15%        N/A       13%         2

Your spell library contained the following spells:

 Spells                   Type           Power      Damage    Failure   Level
 Passwall                 Tmut/Erth      8%         N/A       38%         2
 Apportation              Tloc           10%        N/A       63%         1
 Magic Dart               Conj           20%        1d4       63%         1
 Call Imp                 Summ           10%        N/A       77%         2
 Ensorcelled Hibernation  Hex/Ice        10%        N/A       77%         2
 Jinxbite                 Hex            10%        N/A       77%         2
 Lesser Beckoning         Tloc           10%        N/A       77%         2
 Searing Ray              Conj           10%        2d4       77%         2
 Call Canine Familiar     Summ           5%         N/A       94%         3
 Dazzling Flash           Conj/Hex       10%        N/A       94%         3
 Gell's Gravitas          Tloc           5%         N/A       94%         3
 Hailstorm                Conj/Ice       5%         3d4       94%         3
 Mephitic Cloud           Conj/Pois/Air  5%         N/A       94%         3
 Ozocubu's Armour         Ice            5%         N/A       94%         3
 Sigil of Binding         Hex            5%         N/A       94%         3
 Swiftness                Air            5%         N/A       94%         3
 Teleport Other           Tloc           5%         N/A       94%         3
 Tukima's Dance           Hex            5%         N/A       94%         3
 Volatile Blastmotes      Fire/Tloc      10%        2d10      94%         3
 Brom's Barrelling Bould  Conj/Erth      5%         2d3       100%        4
 Dimensional Bullseye     Hex/Tloc       2%         N/A       100%        4
 Fulminant Prism          Conj/Hex       2%         3d5       100%        4
 Iskenderun's Mystic Bla  Conj/Tloc      5%         2d3       100%        4
 Leda's Liquefaction      Hex/Erth       2%         N/A       100%        4
 Olgreb's Toxic Radiance  Pois           5%         N/A       100%        4
 Passage of Golubria      Tloc           5%         N/A       100%        4
 Summon Ice Beast         Ice/Summ       5%         N/A       100%        4
 Alistair's Intoxication  Tmut/Pois      6%         N/A       100%        5
 Fireball                 Conj/Fire      2%         3d4       100%        5
 Irradiate                Conj/Tmut      5%         3d13      100%        5
 Iskenderun's Battlesphe  Conj           5%         2d6       100%        5
 Silence                  Hex/Air        2%         N/A       100%        5
 Conjure Ball Lightning   Conj/Air       2%         3x3d6     100%        6
 Simulacrum               Ice/Necr       2%         N/A       100%        6
 Starburst                Conj/Fire      2%         6d3       100%        6
 Orb of Destruction       Conj           2%         9d5       100%        7
 Ozocubu's Refrigeration  Ice            2%         4d8       100%        7
 Discord                  Hex            2%         N/A       100%        8
 Ignition                 Fire           2%         3d3       100%        8
 Lehudib's Crystal Spear  Conj/Erth      2%         10d2      100%        8
 Maxwell's Capacitive Co  Air            2%         ∞         100%        8


Dungeon Overview and Level Annotations

Branches:
Dungeon (15/15)            Temple (1/1) D:5            Lair (5/5) D:10
 Shoals (4/4) Lair:3       Spider (0/4) Lair:2        Slime (0/5) Lair:5
    Orc (2/2) D:10            Elf (2/3) Orc:2        Vaults (0/5) D:13
 Depths (1/4) D:15          Sewer (visited)

Altars:
Ashenzari
Cheibriados
Dithmenos
Elyvilon
Fedhas
Gozag
Hepliaklqana
Kikubaaqudgha
Makhleb
Nemelex Xobeh
Okawaru
Qazlal
Ru
Sif Muna
Trog
Uskayaw
Vehumet
Wu Jian
Xom
Yredelemnul
Zin
The Shining One
Jiyva

Shops:
D:2 *   D:6 ?   Orc:2 =:*(   Elf:1 *   Shoals:1 **

Annotations:
D:6 3 runed translucent doors, Colgate's ghost, novice TrSh


Innate Abilities, Weirdness & Mutations

You have a beak for a mouth.
You have claws for feet.
Your magical flight helps you evade attacks. (EV +4)
You can magically evade attacks while moving or waiting.
You have supernaturally acute eyesight. (SInv)
You occasionally lose the ability to read scrolls when taking damage.


Message History

The deep elf blademaster is almost dead.
You feel very sick.
The deep elf knight hits you with a +0 short sword!!
* * * LOW HITPOINT WARNING * * *
The deep elf blademaster completely misses you.
The deep elf blademaster hits you but does no damage.
The +2 heavy trident hits you from afar!
* * * LOW HITPOINT WARNING * * *
The +5 antimagic glaive completely misses you.
The deep elf knight completely misses you.
A +3 spectral double sword comes into view.
You are too berserk!
You spin and attack the deep elf knight repeatedly.
You completely miss the deep elf knight.
Your kick misses the deep elf knight.
The deep elf knight is heavily wounded.
You closely miss the deep elf knight. You claw the deep elf knight!
You peck the deep elf knight!
You kill the deep elf knight!
The Council accepts your kill.
You feel sick.
Unknown command.
You spin and attack the +4 war axe of distortion repeatedly.
You hit the +4 war axe of distortion.
The +4 war axe of distortion seems to speed up.
You claw the +4 war axe of distortion!
The +4 war axe of distortion is heavily damaged.
You puncture the +4 war axe of distortion!
The +4 war axe of distortion falls from the air.
The Council accepts your kill.
You spin and attack the deep elf blademaster repeatedly.
You closely miss the deep elf blademaster.
You claw the deep elf blademaster.
You kill the deep elf blademaster!
The Council accepts your kill.
You feel sick.
The +2 trident of venom hits you but does no damage.
The +2 heavy trident hits you but does no damage.
The +5 antimagic glaive hits you from afar!
You die...

...#......#.......#...##.#
..(.#....#.........#..##..
.....#..#....^......#.##..
....(.##.............#####
......##.............##
.....#(.#...........#.#
....#..()#.........#..#
...#...().#.......#...#
..#....()@.#.....#....#
.#....##....#...#....##
#....# ##....###....##
##### ###### ######


You could see 6 dancing weapons.

Vanquished Creatures
  A deep elf blademaster (Elf:2)
  A kraken (Shoals:1)
  A tengu reaver (D:14)
  A storm dragon (Shoals:4)
  Polyphemus (Shoals:2)
  Ilsuiw (Shoals:2)
  Roxanne (Shoals:1)
  A deep elf sorcerer (Elf:1)
  A frost giant (D:15)
  3 orc warlords
  Louise (Shoals:2)
  The ghost of ouz the Severer, a journeyman MiFi of Makhleb (Lair:5)
  A stone giant (Orc:2)
  The ghost of haldagan the Slicer, a journeyman VSBr of Wu Jian (Shoals:2)
  5 merfolk javelineers
  An ettin (Depths:1)
  9 merfolk impalers
  A yaktaur captain (D:13)
  10 hydras
  An ogre mage (D:15)
  An alligator snapping turtle (Shoals:4)
  6 centaur warriors
  4 boulder beetles
  A catoblepas (Shoals:2)
  4 merfolk avatars
  2 death knights (D:14)
  9 two-headed ogres
  4 tengu warriors
  7 merfolk aquamancers
  2 satyrs
  26 dancing weapons
  8 death yaks
  2 orc high priests
  5 deep elf knights (Elf:2)
  Amaemon (D:11)
  4 skysharks
  11 skeletal warriors
  An orb spider (Lair:2)
  7 sea snakes
  13 orc knights
  6 deep elf archers
  An arcanist (Elf:1)
  22 deep elf zephyrmancers
  2 wolf spiders
  A cyclops (shapeshifter) (Elf:1)
  An orc sorcerer (Orc:1)
  13 harpies
  15 manticores
  An ugly thing (D:11)
  30 deep elf pyromancers
  10 cyclopes
  8 fauns (Shoals:2)
  3 elephants (Lair:3)
  5 water nymphs
  8 merfolk sirens
  A guardian serpent (Lair:5)
  8 black mambas
  An orange demon (D:11)
  A gargoyle (D:10)
  A black mamba (shapeshifter) (D:15)
  19 cane toads
  A kobold demonologist (D:12)
  2 efreet (D:14)
  6 rime drakes
  10 komodo dragons
  Psyche (D:11)
  A tengu conjurer (D:14)
  2 yaktaurs (D:13)
  12 trolls
  31 merfolk
  A meliai (shapeshifter) (D:15)
  2 hornets (Lair:5)
  11 polar bears
  3 meliai (D:13)
  7 saltlings (Orc:2)
  A hornet (shapeshifter) (D:13)
  A tarantella (shapeshifter) (Elf:2)
  A raiju (Lair:5)
  8 snapping turtles
  4 dream sheep (Lair:4)
  9 wind drakes
  19 blink frogs
  10 slime creatures
  A spriggan (shapeshifter) (D:15)
  24 water elementals
  10 air elementals
  A wraith (D:10)
  2 vampires
  Eustachio (D:4)
  34 yaks
  A fire elemental (Elf:1)
  8 vampire mosquitoes
  20 wyverns
  Grum (D:11)
  3 steam dragons
  6 wargs
  4 acid dragons
  9 basilisks
  A redback (Lair:5)
  24 water moccasins
  6 sky beasts
  16 hell hounds (Lair:5)
  Pargi (Sewer)
  14 black bears
  30 orc warriors
  A swamp drake (Orc:2)
  8 ogres
  30 wolves
  A boggart (Elf:1)
  3 centaurs
  4 kobold brigands
  A phantom (D:5)
  An earth elemental (Elf:1)
  16 bullfrogs
  2 gnoll sergeants (D:10)
  8 scorpions
  11 wights
  7 killer bees
  2 oklob saplings (D:8)
  3 electric eels
  7 howler monkeys
  A crimson imp (Orc:2)
  Crazy Yiuf (D:2)
  16 orc priests
  9 hounds
  An iron imp (Orc:2)
  5 jellies
  Jessica (D:2)
  4 iguanas
  2 sleepcaps
  12 orc wizards
  Natasha (D:3)
  Terence (D:2)
  9 gnolls
  10 adders
  A river rat (D:4)
  3 shadow imps
  3 white imps
  2 ufetubi (D:6)
  4 worms
  A dart slug (D:4)
  73 orcs
  13 ball pythons
  8 endoplasms
  8 giant cockroaches
  4 hobgoblins
  5 quokkas
  6 bats
  2 frilled lizards (D:1)
  6 goblins
  11 kobolds
  4 rats
  2 tentacles (Shoals:1)
1012 creatures vanquished.

Vanquished Creatures (collateral kills)
  A two-headed ogre (Elf:2)
  An orc knight (Elf:2)
  3 orc warriors (Elf:2)
  2 orc priests (Elf:2)
7 creatures vanquished.

Vanquished Creatures (others)
  A boggart (Elf:1)
  2 orc wizards
  2 tentacles (Shoals:1)
5 creatures vanquished.

Grand Total: 1024 creatures vanquished

Notes
Turn   | Place    | Note
-------+----------+-------------------------------------------
     0 | D:1      | haldagan the Tengu Gladiator began the quest for the Orb.
     0 | D:1      | Reached XP level 1. HP: 12/12 MP: 2/2
   305 | D:1      | Reached XP level 2. HP: 17/17 MP: 3/3
   915 | D:2      | Noticed Terence
   953 | D:2      | Killed Terence
   954 | D:2      | Reached skill level 1 in Short Blades
   954 | D:2      | Reached skill level 1 in Armour
   954 | D:2      | Reached XP level 3. HP: 20/22 MP: 4/4
  1083 | D:2      | Found Tyestule's General Store.
  1090 | D:2      | Bought a scroll of noise for 11 gold pieces
  1091 | D:2      | Found a basalt altar of Yredelemnul.
  1167 | D:2      | Noticed Jessica
  1176 | D:2      | Killed Jessica
  1177 | D:2      | Reached XP level 4. HP: 9/27 MP: 5/5
  1532 | D:2      | Found a runed translucent door.
  1533 | D:2      | Noticed Crazy Yiuf
  1634 | D:2      | Killed Crazy Yiuf
  1635 | D:2      | Reached skill level 2 in Short Blades
  1734 | D:3      | Reached XP level 5. HP: 30/31 MP: 6/6
  1918 | D:3      | Noticed Natasha
  1922 | D:3      | Killed Natasha
  2088 | D:3      | Found a burning altar of Makhleb.
  2507 | D:4      | Reached skill level 3 in Short Blades
  2518 | D:4      | Found a hazy altar of Hepliaklqana.
  2604 | D:4      | Reached XP level 6. HP: 35/37 MP: 7/7
  2717 | D:4      | Noticed a sky beast
  2722 | D:4      | Noticed Eustachio
  2729 | D:4      | Killed a sky beast
  2734 | D:4      | Reached skill level 4 in Short Blades
  2734 | D:4      | Gained mutation: Your magical flight helps you evade
                  | attacks. (EV +4) [Tengu growth]
  2734 | D:4      | Reached XP level 7. HP: 41/41 MP: 8/8
  2739 | D:4      | Killed Eustachio
  2762 | D:4      | Found a basalt altar of Yredelemnul.
  2781 | D:4      | Identified the +0 spear of Ridopped {heavy, rN+ Will++}
  2982 | D:4      | Found a glowing drain.
  2986 | Sewer    | Entered a sewer
  3008 | Sewer    | Noticed Pargi
  3017 | Sewer    | Killed Pargi
  3018 | Sewer    | Reached skill level 5 in Short Blades
  3018 | Sewer    | Reached skill level 5 in Armour
  3018 | Sewer    | Reached skill level 5 in Dodging
  3018 | Sewer    | Found the +3 pair of gauntlets of War {Slay+5}
  3303 | D:4      | Reached XP level 8. HP: 48/48 MP: 9/9
  3538 | D:5      | Entered Level 5 of the Dungeon
  3742 | D:5      | Found a staircase to the Ecumenical Temple.
  3753 | Temple   | Found a transporter.
  3753 | Temple   | Found a transporter.
  3753 | Temple   | Found a transporter.
  3753 | Temple   | Found a transporter.
  3753 | Temple   | Entered the Ecumenical Temple
  3766 | Temple   | Became a worshipper of the Wu Jian Council
  3966 | D:5      | Reached skill level 6 in Short Blades
  4063 | D:5      | Found an opulent altar of Gozag.
  4410 | D:6      | Found Gaogama's Magic Scroll Shoppe.
  4414 | D:6      | Bought a scroll of brand weapon for 95 gold pieces
  4487 | D:6      | Noticed Colgate's ghost (novice TrSh)
  4504 | D:6      | Found a runed translucent gate.
  4504 | D:6      | Found a runed translucent gate.
  4506 | D:6      | Found a runed translucent gate.
  4756 | D:6      | Reached XP level 9. HP: 53/53 MP: 10/10
  4853 | D:6      | Reached skill level 5 in Fighting
  4853 | D:6      | Reached skill level 7 in Short Blades
  5244 | D:6      | Identified a scroll of acquirement
  5245 | D:6      | Acquired a +5 quick blade of venom
  5356 | D:7      | Found a broken altar of Ashenzari.
  5796 | D:7      | Found a snail-covered altar of Cheibriados.
  5947 | D:8      | Reached * piety under Wu Jian
  6031 | D:8      | Reached skill level 8 in Short Blades
  6276 | D:8      | Reached XP level 10. HP: 60/60 MP: 11/11
  6848 | D:8      | Reached skill level 9 in Short Blades
  6890 | D:9      | Noticed a two-headed ogre
  6898 | D:9      | Killed a two-headed ogre
  7003 | D:9      | Noticed a two-headed ogre
  7006 | D:9      | Killed a two-headed ogre
  7108 | D:9      | Noticed a two-headed ogre
  7112 | D:9      | Killed a two-headed ogre
  7113 | D:9      | Reached skill level 10 in Short Blades
  7250 | D:9      | Found an ancient bone altar of Kikubaaqudgha.
  7633 | D:10     | Entered Level 10 of the Dungeon
  7641 | D:10     | Noticed a gargoyle
  7644 | D:10     | Killed a gargoyle
  7645 | D:10     | Reached XP level 11. HP: 50/66 MP: 8/12
  7705 | D:10     | Found a sparkling altar of Nemelex Xobeh.
  7767 | D:10     | Reached skill level 10 in Armour
  7778 | D:10     | Reached ** piety under Wu Jian
  7791 | D:10     | Found a staircase to the Lair.
  7932 | D:10     | Found a staircase to the Orcish Mines.
  7965 | D:10     | Reached skill level 11 in Short Blades
  8242 | D:10     | Found a stormy altar of Qazlal.
  8246 | D:10     | Found a glowing silver altar of Zin.
  8251 | D:10     | Found a white marble altar of Elyvilon.
  8415 | D:11     | Noticed a boulder beetle
  8426 | D:11     | Killed a boulder beetle
  8427 | D:11     | Reached skill level 1 in Stealth
  8540 | D:11     | Noticed a manticore
  8542 | D:11     | Killed a manticore
  8545 | D:11     | Noticed a manticore
  8558 | D:11     | Killed a manticore
  8601 | D:11     | Noticed a cyclops
  8609 | D:11     | Killed a cyclops
  8610 | D:11     | Reached skill level 10 in Dodging
  8642 | D:11     | Noticed a cyan ugly thing
  8643 | D:11     | Noticed a skeletal warrior
  8647 | D:11     | Killed a cyan ugly thing
  8663 | D:11     | Killed a skeletal warrior
  8727 | D:11     | Noticed Amaemon
  8729 | D:11     | Reached *** piety under Wu Jian
  8733 | D:11     | Killed Amaemon
  8734 | D:11     | Reached XP level 12. HP: 73/73 MP: 13/13
  8734 | D:11     | Noticed Grum
  8740 | D:11     | Killed Grum
  8882 | D:11     | Noticed Psyche
  8890 | D:11     | Killed Psyche
  8891 | D:11     | Reached skill level 12 in Short Blades
  9358 | Orc:1    | Entered Level 1 of the Orcish Mines
  9591 | Orc:1    | Gained mutation: You occasionally lose the ability to read
                  | scrolls when taking damage. [potion of mutation]
  9591 | Orc:1    | Gained mutation: You have supernaturally acute eyesight.
                  | (SInv) [potion of mutation]
  9593 | Orc:2    | Entered Level 2 of the Orcish Mines
  9836 | Orc:2    | Found a staircase to the Elven Halls.
  9867 | Orc:2    | Reached **** piety under Wu Jian
 10244 | Orc:2    | Found the +2 hat of the Bear Spirit {Spirit, Bear, *Rage
                  | Will++}
 10542 | Orc:2    | Reached skill level 13 in Short Blades
 10588 | Orc:2    | Reached XP level 13. HP: 80/80 MP: 14/14
 10594 | Orc:2    | Found Pacep's Jewellery Shop.
 10613 | Orc:2    | Reached skill level 5 in Stealth
 10615 | Orc:2    | Noticed an orc warlord
 10615 | Orc:2    | Found Atzawnoe's Weapon Shoppe.
 10619 | Orc:2    | Found Mybrur's General Store.
 10621 | Orc:2    | Killed an orc warlord
 10622 | Orc:2    | Reached skill level 1 in Spellcasting
 10625 | Orc:2    | Reached ***** piety under Wu Jian
 10698 | Orc:2    | Noticed a stone giant
 10703 | Orc:2    | Killed a stone giant
 10783 | Orc:2    | Found Tyggyom's Book Shoppe.
 10783 | Orc:2    | Noticed an orc warlord
 10790 | Orc:2    | Killed an orc warlord
 11235 | Lair:1   | Entered Level 1 of the Lair of Beasts
 11266 | Lair:1   | Reached skill level 14 in Short Blades
 12400 | Lair:2   | Found a hole to the Spider Nest.
 12410 | Lair:2   | Reached skill level 10 in Fighting
 12440 | Lair:2   | Reached XP level 14. HP: 88/88 MP: 20/20
 12944 | Lair:3   | Reached skill level 15 in Short Blades
 13224 | Lair:3   | Found a staircase to the Shoals.
 13638 | Lair:3   | Identified the +6 leather armour of Philately {+Inv Str+2
                  | Dex+3}
 13980 | Lair:4   | Reached skill level 5 in Spellcasting
 14546 | Lair:5   | Entered Level 5 of the Lair of Beasts
 14560 | Lair:5   | Reached skill level 16 in Short Blades
 14569 | Lair:5   | Reached ****** piety under Wu Jian
 14770 | Lair:5   | Found a runed translucent gate.
 14770 | Lair:5   | Found a runed translucent gate.
 14770 | Lair:5   | Found a runed translucent gate.
 14772 | Lair:5   | Noticed ouz's ghost (journeyman MiFi)
 14793 | Lair:5   | Killed ouz's ghost
 14839 | Lair:5   | Identified the +8 scimitar of Moderation {elec, rPois}
 14880 | Lair:5   | Reached XP level 15. HP: 92/92 MP: 25/25
 14932 | Lair:5   | Identified the +1 chain mail of Foolhardiness {rElec SInv}
 15080 | Lair:5   | Reached skill level 17 in Short Blades
 15315 | Lair:5   | Reached skill level 10 in Stealth
 15555 | Lair:5   | Found a viscous altar of Jiyva.
 15559 | Lair:5   | Found a staircase to the Slime Pits.
 16348 | D:12     | Reached skill level 18 in Short Blades
 16917 | D:13     | Found a gate to the Vaults.
 17583 | D:14     | You are sucked into a shaft and drop 1 floor!
 17583 | D:15     | Entered Level 15 of the Dungeon
 17646 | D:14     | Noticed a tengu reaver
 17651 | D:14     | Killed a tengu reaver
 17652 | D:14     | Reached XP level 16. HP: 97/97 MP: 27/29
 17850 | D:14     | Reached skill level 19 in Short Blades
 18736 | D:15     | Found a staircase to the Depths.
 19048 | Vaults:5 | Identified the "Qanaked"
 19048 | Depths:1 | Entered Level 1 of the Depths
 19282 | Shoals:1 | Entered Level 1 of the Shoals
 19322 | Shoals:1 | Found Kulej's General Store.
 19323 | Shoals:1 | Found Gatwog's Specific Store.
 19338 | Shoals:1 | Learned a level 2 spell: Wereblood
 19515 | Shoals:1 | Noticed a kraken
 19543 | Shoals:1 | Killed a kraken
 19673 | Shoals:1 | Noticed Roxanne
 19684 | Shoals:1 | Killed Roxanne
 20052 | Shoals:2 | Noticed Ilsuiw
 20052 | Shoals:2 | Noticed Louise
 20058 | Shoals:2 | Killed Ilsuiw
 20060 | Shoals:2 | Killed Louise
 20458 | Shoals:2 | Reached XP level 17. HP: 94/106 MP: 29/31
 20519 | Shoals:2 | Reached skill level 10 in Spellcasting
 20839 | Shoals:2 | Noticed Polyphemus
 20851 | Shoals:2 | Killed Polyphemus
 21218 | Shoals:2 | Found a runed translucent gate.
 21218 | Shoals:2 | Found a runed translucent gate.
 21218 | Shoals:2 | Found a runed translucent gate.
 21219 | Shoals:2 | Noticed haldagan's ghost (journeyman VSBr)
 21236 | Shoals:2 | Killed haldagan's ghost
 21959 | Shoals:4 | Entered Level 4 of the Shoals
 22037 | Shoals:4 | Identified the +8 sling of Internal Strife {antimagic,
                  | rPois}
 22176 | Shoals:4 | Paralysed by an air elemental for 1 turns
 22418 | Shoals:4 | Identified the ring "Iwoazipa" {Wiz Drain Fly rPois Dex+2}
 22490 | Shoals:4 | Identified the +4 scale mail of the Purple Skies {Harm}
 22492 | Shoals:4 | Got a barnacled rune of Zot
 23056 | Shoals:4 | Reached XP level 18. HP: 92/118 MP: 29/34
 23627 | Orc:2    | Bought the +5 rapier of Gallantry {chaos, *Slow rElec rPois
                  | rF+} for 621 gold pieces
 23728 | Depths:2 | Identified the "Luifazxu"
 23728 | Depths:4 | Identified the "Plog"
 23728 | Depths:4 | Identified the "Fepnuy"
 23728 | Depths:4 | Identified the "Buacah"
 23728 | Depths:4 | Identified the "Bikadas"
 23728 | Depths:4 | Identified the of Qaxemp
 23728 | Elf:1    | Identified the "Himior"
 23728 | Elf:1    | Entered Level 1 of the Elven Halls
 23754 | Elf:1    | Reached skill level 15 in Fighting
 24080 | Elf:1    | Identified the +6 flail of Recklessness {freeze, Drain
                  | +Blink rF+}
 24095 | Elf:1    | Found Zonkyott's General Store.
 24753 | Elf:2    | Reached skill level 1 in Transmutations
 24807 | Elf:2    | Reached skill level 1 in Shields
 24810 | Elf:2    | Reached skill level 1 in Shapeshifting
 25388 | Elf:2    | Paralysed by an air elemental for 1 turns
 25480 | Elf:2    | Identified the +3 glaive of the Five Nights {speed, *Rage
                  | rN+ rCorr}
 25595 | Elf:2    | Found a runed translucent gate.
 25595 | Elf:2    | Found a runed translucent gate.
 25595 | Elf:2    | Found a runed translucent gate.
 25704 | Elf:2    | Reached skill level 5 in Transmutations
 25998 | Elf:2    | Noticed a deep elf blademaster
 26006 | Elf:2    | HP: 10/238 [poisoned by a +2 trident of venom]
 26007 | Elf:2    | Killed a deep elf blademaster
 26007 | Elf:2    | Slain by a +5 antimagic glaive

Illustrated notes

Levels and vault maps discovered:
D:1:      ldierk_walled_garden, layout_basic
D:2:      layout_basic, serial_shops, shop, basic_altar, uniq_jessica,
          uniq_crazy_yiuf_cottage, uniq_terence
D:3:      layout_basic, lightli_temple_of_fire, hex_tiny, serial_park_tiny_2,
          uniq_natasha
D:4:      layout_basic, mainiacjoe_overflow_six_doors_small,
          nicolae_hepliaklqana_hazy_memory, gup_sewer_entry_spiral,
          kennysheep_windowed_goal, uniq_eustachio
D:5:      layout_basic, grunt_gozag_breadcrumbs,
          minmay_temple_entry_drinking_statues
D:6:      wander_river, layout_basic, serial_shops, nicolae_shop_stone,
          gammafunk_ghost_split, minmay_misc_feat_x, minmay_crystal_room,
          kb_lookout_dungeons_type, grunt_ministairs_11
D:7:      layout_gridville, kennysheep_mini, mainiacjoe_overflow_brackets
D:8:      layout_loops_ring, introduction_to_nature_2
D:9:      layout_loops_ring, mainiacjoe_overflow_alcove_4
D:10:     layout_loops_ring, overflow_temple_1_default,
          grunt_temple_overflow_diamond, due_lair_maze_entry_diamond,
          kennysheep_orc_monster_closet_entryway
D:11:     layout_stronghold, evilmike_butchery, uniq_grum, uniq_amaemon,
          uniq_psyche
D:12:     layout_cave_pods
D:13:     layout_roguey, david_vaults_2
D:14:     nicolae_hexawheel, layout_cave_pools, dreamdust_looks_like_rain
D:15:     grunt_enter_depths_snipers, layout_basic, dk_noncrumbling_4
Temple:   hellmonk_temple_divided_pantheon
Lair:1:   layout_hall_layers, serial_bayou_shore_b, grunt_megastairs_1
Lair:2:   layout_chaotic_city, nicolae_spider_entry_orb_guardian,
          serial_bayou_shore_a
Lair:3:   layout_cave_pods, elwin_shoals_entry_rocks, kennysheep_basilisk_garden
Lair:4:   layout_cave_pods
Lair:5:   hangedman_lair_caniforms_friends, layout_small_grid,
          hangedman_lair_tendril_chambers, slime_entry_2,
          gammafunk_ghost_hydra_chop, nicolae_quartered_pool_medium,
          pdpol_lair_cavern_descent
Shoals:1: layout_shoals, nicolae_specific_store, uniq_roxanne
Shoals:2: layout_shoals, ebering_ghost_rock_garden, nicolae_shoals_flooded_hall,
          uniq_polyphemus, uniq_louise, uniq_ilsuiw
Shoals:3: layout_shoals
Shoals:4: shoals_end_hellmonk_storm_palace [storm_palace_center_ruins,
          storm_palace_corner_reverse_hut, storm_palace_corner_blocked,
          storm_palace_corner_pillars, storm_palace_corner_narrow]
Orc:1:    layout_diamond_mine, nicolae_orc_lost_temple
Orc:2:    hellmonk_orc_salted, layout_diamond_mine, basic_altar,
          hangedman_minor_magic
Elf:1:    elf_arrival_001, layout_onion_city, serial_shops, shop,
          hangedman_elf_disciples, nrook_loot_triangle
Elf:2:    nicolae_elf_blades_splatter_lattice [nicolae_blade_lattice],
          layout_geoelf_diagonals, special_room [special_room_orc]
Depths:1: layout_cave_pools, hell_entry, nicolae_lava_and_water,
          fedhas_altar_fruit_tree, uniq_bai_suzhen

Skill      XL: |  1  2  3  4  5  6  7  8  9 10 11 12 13 14 15 16 17 18 |
---------------+-------------------------------------------------------+-----
Short Blades   | 1 2 3 4 5 6 8 10 11 13 14 16 18 19 | 19.8
Armour         | 1 2 3 4 5 6 8 9 10 11 12 | 12.0
Dodging        | 4 5 6 8 10 11 12 | 12.0
Fighting       | 3 4 5 6 7 8 10 11 14 15 | 15.0
Stealth        | 2 4 7 9 11 12 | 12.0
Spellcasting   | 3 6 8 9 11 13 | 13.0
Transmutations | 5 |  5.5
Shields        | 4 |  4.5
Shapeshifting  | 3 |  3.7
Long Blades    | |  3.5
Throwing       | |  2.0

Action                     |  1- 3 |  4- 6 |  7- 9 | 10-12 | 13-15 | 16-18 || total
---------------------------+-------+-------+-------+-------+-------+-------++-------
  Melee: Long sword        |    17 |       |       |       |       |       ||    17
         Kick              |    18 |    33 |    61 |   161 |   353 |   426 ||  1052
         Peck              |    10 |    16 |    23 |    90 |   191 |   256 ||   586
         Rapier            |    48 |   101 |   128 |       |       |   314 ||   591
         Punch             |       |     1 |     5 |     6 |    15 |    11 ||    38
         Quick blade       |       |       |    51 |   463 |   936 |   825 ||  2275
  Throw: Throwing net      |     3 |     2 |       |       |       |       ||     5
 Invoke: Serpent's Lash    |       |       |       |       |       |     1 ||     1
Ability: Lunge             |       |       |    17 |    58 |    83 |   131 ||   289
         Whirlwind         |       |       |       |    34 |   112 |   190 ||   336
  Evoke: Wand              |       |       |       |       |       |     7 ||     7
    Use: Potion            |     2 |     2 |       |     1 |       |     3 ||     8
         Scroll            |       |     5 |     8 |     8 |     6 |     6 ||    33
   Stab: Held in net/web   |     1 |     2 |       |       |       |       ||     3
         Sleeping          |       |       |       |     6 |    19 |    29 ||    54
         Distracted        |       |       |       |       |     6 |    12 ||    18
         Paralysed         |       |       |       |       |       |     3 ||     3
 Armour: Plate armour      |    25 |    51 |    47 |    10 |       |       ||   133
         Acid dragon scale |       |       |       |    37 |    23 |       ||    60
         Leather armour    |       |       |       |       |    25 |       ||    25
         Chain mail        |       |       |       |       |    58 |   271 ||   329
  Dodge: Dodged            |    29 |    28 |    78 |   116 |   268 |   365 ||   884

Table legend: (Time is in decaauts)
 A = Elapsed time spent in this place.
 B = Non-inter-level travel time spent in this place.
 C = Inter-level travel time spent in this place.
 D = Time resting spent in this place.
 E = Time spent auto-exploring this place.
 F = Levels seen in this place.
 G = Mean time per level.
                   A        B        C        D        E       F      G
               +--------+--------+--------+--------+--------+-----+--------+
         Total |  26244 |  24383 |   1861 |   1751 |  17216 |  31 |  846.6 |
       Dungeon |  12511 |  11709 |    802 |    312 |   9186 |  15 |  834.1 |
        Temple |     27 |      8 |     19 |      0 |      0 |   1 |   27.0 |
          Lair |   4966 |   4641 |    325 |    145 |   3399 |   5 |  993.2 |
        Shoals |   4223 |   4007 |    216 |    568 |   2436 |   4 | 1055.8 |
  Orcish Mines |   2093 |   1650 |    443 |    154 |   1020 |   2 | 1046.5 |
   Elven Halls |   2340 |   2285 |     55 |    571 |   1161 |   2 | 1170.0 |
        Depths |      4 |      4 |      0 |      0 |      0 |   1 |    4.0 |
         Sewer |     77 |     77 |      0 |      0 |     14 |   1 |   77.0 |
               +--------+--------+--------+--------+--------+-----+--------+

Top non-repeatable levels by time:
   Orc:2: 1598 daAuts
Shoals:2: 1379 daAuts
Shoals:4: 1365 daAuts
  Lair:5: 1345 daAuts
   Elf:2: 1288 daAuts
   Elf:1: 1051 daAuts
  Lair:3: 1024 daAuts
     D:8: 987 daAuts
     D:2: 966 daAuts
    D:14: 954 daAuts
    D:11: 933 daAuts
    D:10: 916 daAuts
  Lair:1: 908 daAuts
     D:4: 906 daAuts
     D:6: 903 daAuts
